Blackdemons vs Carnivores (R2)

Created - 5 novembre 2012 at 19:08

Simulating a Pre-Season

Goals
1 2 3 T
Blackdemons 0 3 0 3
Carnivores 2 2 2 6
Shots
1 2 3 T
Blackdemons 8 7 9 24
Carnivores 17 12 7 36

1st period

1. Carnivores , David Perron 3 (Matt Cullen) at 5:49
2. Carnivores , Jeff Tambellini 4 (David Van Der Gulik, Janne Niinimaa) at 11:00

Penalties :
Enver Lisin (MJM) for Hooking (Minor) at 13:03, Andy Miele (Bre) for Hooking (Minor) at 19:48, Michael Frolik (MJM) for Holding (Minor) at 19:48

2nd period

3. Carnivores , Jeff Halpern 4 (David Van Der Gulik) at 8:04
4. Blackdemons , Michael Frolik 2 (Mathieu Biron, Niklas Sundstrom) at 8:57
5. Blackdemons , Todd Fedoruk 2 (Nathan Paetsch) at 15:17
6. Blackdemons , Michael Frolik 3 (Zack Hamill) at 16:59
7. Carnivores , Jeff Halpern 5 (Janne Niinimaa, Matt Cullen) at 18:07

Penalties :
Manny Malhotra (Bre) for High sticking (Minor) at 3:51, Karl Alzner (MJM) for Hooking (Minor) at 10:38, Manny Malhotra (Bre) for Goalie Interference (Minor) at 12:57, Tim Conboy (Bre) for Slashing (Minor) at 16:57, Mathieu Biron (MJM) for Cross-checking (Minor) at 16:57

3rd period

8. Carnivores , Matt Cullen 6 (David Perron, Ryan Mcdonagh) at 1:32
9. Carnivores , Jeff Friesen 4 (Janne Niinimaa, Matt Cullen) at 10:29 (PP)

Penalties :
Douglas Murray (Bre) for Unsportsmanlike conduct (Major / Game Misconduct) at 2:23, Trevor Letowski (MJM) for Hooking (Minor) at 10:10, Matt Cullen (Bre) for Holding (Minor) at 10:44, Jeff Tambellini (Bre) for Interference (Minor) at 12:43, Chris Butler (Bre) for Diving (Minor) at 15:42, Steven Zalewski (MJM) for Slashing (Minor) at 15:42, Ryan Mcdonagh (Bre) for High sticking (Minor) at 19:17

Goalie Stats

Jason LaBarbera (MJM), 30 saves from 36 shots - (0,833), L, 1-1-0, 60:00 minutes
Steve Mason (Bre), 21 saves from 24 shots - (0,875), W, 2-1-0, 60:00 minutes

Players Stats for Blackdemons

Player Name              G  A  P  +/- PIM S  H  SB GA TA FO     MP     PP MP  PK MP  
------------------------------------------------------------------------------------
Enver Lisin              0  0  0  -1  2   2  4  0  0  0  0/1    15:39   5:52   0:00 
Jakub Kindl              0  0  0  -1  0   0  0  2  0  0  0/0    22:48   6:01   0:22 
James Neal               0  0  0  -1  0   2  0  1  0  0  0/1    16:35   5:59   0:48 
Karl Alzner              0  0  0  -1  2   0  1  0  0  1  0/0    17:22   0:58   0:46 
Ladislav Smid            0  0  0  -1  0   1  1  0  0  2  0/0    20:43   1:13   2:35 
Mathieu Biron            0  1  1   0  2   1  1  0  0  0  0/0    19:27   6:47   2:35 
Matt Moulson             0  0  0   0  0   2  3  0  1  0  2/2    12:47   1:36   0:48 
Maxime Macenauer         0  0  0   0  0   0  0  0  0  0  1/5     8:30   0:53   2:17 
Michael Frolik           2  0  2   0  2   4  0  1  2  0  1/2    20:20   5:04   0:00 
Nathan Paetsch           0  1  1  -1  0   2  1  3  0  1  0/0    22:05   5:37   1:42 
Nikita Nikitin           0  0  0   0  0   1  1  0  0  1  0/0    18:19   7:08   0:34 
Niklas Sundstrom         0  1  1  -2  0   3  1  1  0  1  0/0    21:32   5:49   2:17 
Sam Gagner               0  0  0  -2  0   1  3  0  0  1  6/17   17:44   5:54   0:00 
Steven Zalewski          0  0  0   0  2   1  0  0  0  0  2/5     8:29   0:00   1:12 
Todd Fedoruk             1  0  1   0  0   1  1  0  0  0  0/0     9:14   1:36   0:00 
Tomas Kopecky            0  0  0   0  0   3  0  0  0  0  0/0    11:20   1:39   1:12 
Trevor Letowski          0  0  0   0  2   0  0  0  0  0  0/0     5:36   0:17   0:00 
Zack Hamill              0  1  1   0  0   0  4  0  0  0  15/32  21:10   5:42   0:00 

Players Stats for Carnivores

Player Name              G  A  P  +/- PIM S  H  SB GA TA FO     MP     PP MP  PK MP  
------------------------------------------------------------------------------------
Andrew Ference           0  0  0   0  0   1  4  0  1  0  0/0    20:11   1:50   5:34 
Andy Miele               0  0  0   2  2   3  0  0  1  0  0/0    15:02   2:27   0:00 
Cal O'Reilly             0  0  0   0  0   0  0  0  0  0  0/1     2:52   0:00   2:45 
Chris Butler             0  0  0   1  2   0  1  0  0  0  0/0     8:28   0:00   1:07 
David Koci               0  0  0   0  0   0  0  0  0  0  0/0     5:24   0:00   3:27 
David Perron             1  1  2   2  0   6  1  1  1  0  0/0    13:01   0:04   0:18 
David Schlemko           0  0  0   1  0   0  0  0  0  0  0/0     6:27   0:00   2:44 
David Van Der Gulik      0  2  2   1  0   1  1  0  0  0  1/1     8:48   0:00   0:00 
Douglas Murray           0  0  0   0  15  0  1  1  0  0  0/0    14:39   1:50   1:24 
Evgeny Dadonov           0  0  0   0  0   0  0  0  0  0  0/0     5:50   0:00   0:00 
Francis Lessard          0  0  0   0  0   0  0  0  0  0  0/0     1:49   1:46   0:00 
Janne Niinimaa           0  3  3   0  0   5  2  2  2  1  0/0    27:36   2:27   6:18 
Jeff Friesen             1  0  1  -1  0   4  2  0  0  0  0/0    19:21   2:31   5:39 
Jeff Halpern             2  0  2   1  0   6  0  1  0  0  5/8    16:58   1:46   3:48 
Jeff Tambellini          1  0  1   1  2   3  2  0  0  0  0/0    15:52   1:46   3:19 
Jordie Benn              0  0  0   1  0   0  0  0  0  0  0/0     3:43   0:00   0:00 
Kyle Wilson              0  0  0   0  0   0  0  0  0  0  0/0     0:00   0:00   0:00 
Manny Malhotra           0  0  0  -1  4   0  1  0  0  1  2/3     6:47   0:00   0:00 
Matt Cullen              1  3  4   1  2   3  1  1  0  0  27/46  21:57   2:31   4:40 
Mikael Backlund          0  0  0   0  0   0  0  0  0  0  0/0     0:00   0:00   0:00 
Phil Oreskovic           0  0  0   1  0   0  0  1  0  0  0/0    11:19   0:00   3:50 
Ryan Mcdonagh            0  1  1   0  2   0  2  2  0  1  0/0    27:34   2:27   6:17 
Tim Conboy               0  0  0   0  2   0  0  0  0  0  0/0     7:27   0:00   0:00 
Trent Whitfield          0  0  0   0  0   3  3  0  0  0  3/6    12:43   0:00   3:17 
Tyson Nash               0  0  0   0  0   1  1  0  2  0  0/0     6:29   0:00   0:00 

3 Stars

1 - Matt Cullen (Bre)
2 - Jeff Halpern (Bre)
3 - David Perron (Bre)

Power Play

Blackdemons - 0 on 6 Attempt(s) - 0,00%
Carnivores - 1 on 3 Attempt(s) - 33,33%

Penalty Kill

Blackdemons - 2 on 3 Attempt(s) - 66,67% - Score 0 goal in Penalty Kill
Carnivores - 6 on 6 Attempt(s) - 100,00% - Score 0 goal in Penalty Kill

Official

Referees : Pochmara Brian and Hebert Ghislain
Linesman : Michel Cormier and Steve Barton

Game Notes

Douglas Murray ejected from game at 2:23 of 3rd period
Douglas Murray from Carnivores is suspended for 5 game(s)

Blackdemons

5 vs 5 Forward 
   Center                   Left Wing                Right Wing               Time % Phy DF OF 
 1 Zack Hamill              Michael Frolik           Niklas Sundstrom         40     0   2  3  
 2 Sam Gagner               James Neal               Enver Lisin              30     0   3  2  
 3 Steven Zalewski          Matt Moulson             Tomas Kopecky            20     2   2  1  
 4 Maxime Macenauer         Todd Fedoruk             Trevor Letowski          10     0   4  1  

5 vs 5 Defense 
   Defense                  Defense                                           Time % Phy DF OF 
 1 Nathan Paetsch           Karl Alzner                                       36     0   4  1  
 2 Ladislav Smid            Jakub Kindl                                       36     2   3  0  
 3 Mathieu Biron            Nikita Nikitin                                    28     0   4  1  
 4 Mathieu Biron            Nikita Nikitin                                    0      0   5  0  

PowerPlay Forward 
   Center                   Left Wing                Right Wing               Time % Phy DF OF 
 1 Sam Gagner               James Neal               Enver Lisin              60     0   1  4  
 2 Zack Hamill              Michael Frolik           Niklas Sundstrom         40     0   1  4  

PowerPlay Defense
   Defense                  Defense                                           Time % Phy DF OF 
 1 Mathieu Biron            Nikita Nikitin                                    60     0   3  2  
 2 Nathan Paetsch           Jakub Kindl                                       40     0   3  2  

Penalty Kill 4 Players Forward 
   Center                   Wing                     Time % Phy DF OF 
 1 Maxime Macenauer         Niklas Sundstrom         60     0   5  0  
 2 Steven Zalewski          Tomas Kopecky            40     1   4  0  

Penalty Kill 4 Players Defense
   Defense                  Defense                  Time % Phy DF OF 
 1 Ladislav Smid            Mathieu Biron            60     1   4  0  
 2 Nathan Paetsch           Karl Alzner              40     0   5  0  

Penalty Kill - 3 Players Forward 
   Forward                                           Time % Phy DF OF 
 1 Steven Zalewski                                   60     0   5  0  
 2 Maxime Macenauer                                  40     0   5  0  

Penalty Kill - 3 Players Defense
   Defense                  Defense                  Time % Phy DF OF 
 1 Ladislav Smid            Mathieu Biron            60     0   5  0  
 2 Nathan Paetsch           Karl Alzner              40     0   5  0  

4 vs 4 Forward 
   Center                   Wing                     Time % Phy DF OF 
 1 Zack Hamill              Michael Frolik           60     0   4  1  
 2 Sam Gagner               Niklas Sundstrom         40     0   4  1  

4 vs 4 Defense
   Defense                  Defense                  Time % Phy DF OF 
 1 Ladislav Smid            Jakub Kindl              60     1   3  1  
 2 Nathan Paetsch           Karl Alzner              40     0   4  1  

Last Minutes Offensive
   Center                   Left Wing                Right Wing               Defense                  Defense                  
   Sam Gagner               James Neal               Enver Lisin              Nathan Paetsch           Mathieu Biron            

Last Minutes Defensive
   Center                   Left Wing                Right Wing               Defense                  Defense                  
   Steven Zalewski          Matt Moulson             Niklas Sundstrom         Ladislav Smid            Mathieu Biron            

Goaltenders
Starting : Jason LaBarbera          
Backup : Michal Neuvirth          

Extra Forwards
Normal : Matt Moulson, Tomas Kopecky, Todd Fedoruk - PP : Matt Moulson, Todd Fedoruk - PK : Matt Moulson
Extra Defensemen
Normal : Jakub Kindl, Karl Alzner, Nikita Nikitin - PP : Ladislav Smid - PK : Jakub Kindl, Nikita Nikitin
Penalty Shots
Enver Lisin, Michael Frolik, Niklas Sundstrom, Matt Moulson, James Neal

Carnivores

5 vs 5 Forward 
   Center                   Left Wing                Right Wing               Time % Phy DF OF 
 1 Matt Cullen              David Perron             Andy Miele               40     1   2  2  
 2 Jeff Halpern             Jeff Tambellini          David Van Der Gulik      30     1   2  2  
 3 Trent Whitfield          Jeff Friesen             Tim Conboy               20     1   2  2  
 4 Manny Malhotra           Tyson Nash               Evgeny Dadonov           10     1   2  2  

5 vs 5 Defense 
   Defense                  Defense                                           Time % Phy DF OF 
 1 Janne Niinimaa           Ryan Mcdonagh                                     40     1   2  2  
 2 Andrew Ference           Douglas Murray                                    30     1   2  2  
 3 Chris Butler             Phil Oreskovic                                    20     1   2  2  
 4 David Schlemko           Jordie Benn                                       10     1   2  2  

PowerPlay Forward 
   Center                   Left Wing                Right Wing               Time % Phy DF OF 
 1 Matt Cullen              Jeff Friesen             Andy Miele               60     1   2  2  
 2 Jeff Halpern             Jeff Tambellini          Francis Lessard          40     1   2  2  

PowerPlay Defense
   Defense                  Defense                                           Time % Phy DF OF 
 1 Janne Niinimaa           Ryan Mcdonagh                                     60     1   2  2  
 2 Andrew Ference           Douglas Murray                                    40     1   2  2  

Penalty Kill 4 Players Forward 
   Center                   Wing                     Time % Phy DF OF 
 1 Matt Cullen              Jeff Friesen             60     1   2  2  
 2 Jeff Halpern             Jeff Tambellini          40     1   2  2  

Penalty Kill 4 Players Defense
   Defense                  Defense                  Time % Phy DF OF 
 1 Janne Niinimaa           Ryan Mcdonagh            60     1   2  2  
 2 Andrew Ference           Douglas Murray           40     1   2  2  

Penalty Kill - 3 Players Forward 
   Forward                                           Time % Phy DF OF 
 1 Matt Cullen                                       60     1   2  2  
 2 Jeff Friesen                                      40     1   2  2  

Penalty Kill - 3 Players Defense
   Defense                  Defense                  Time % Phy DF OF 
 1 Janne Niinimaa           Ryan Mcdonagh            60     1   2  2  
 2 Andrew Ference           Douglas Murray           40     1   2  2  

4 vs 4 Forward 
   Center                   Wing                     Time % Phy DF OF 
 1 Matt Cullen              Jeff Friesen             60     1   2  2  
 2 Jeff Halpern             Jeff Tambellini          40     1   2  2  

4 vs 4 Defense
   Defense                  Defense                  Time % Phy DF OF 
 1 Janne Niinimaa           Ryan Mcdonagh            60     1   2  2  
 2 Andrew Ference           Douglas Murray           40     1   2  2  

Last Minutes Offensive
   Center                   Left Wing                Right Wing               Defense                  Defense                  
   Matt Cullen              Jeff Friesen             Andy Miele               Janne Niinimaa           Ryan Mcdonagh            

Last Minutes Defensive
   Center                   Left Wing                Right Wing               Defense                  Defense                  
   Matt Cullen              Jeff Friesen             Andy Miele               Janne Niinimaa           Ryan Mcdonagh            

Goaltenders
Starting : Steve Mason              
Backup : Josh Tordjman            

Extra Forwards
Normal : David Perron, Tyson Nash, Trent Whitfield - PP : David Perron, Tyson Nash - PK : Trent Whitfield
Extra Defensemen
Normal : Chris Butler, Phil Oreskovic, David Schlemko - PP : Chris Butler - PK : Phil Oreskovic, David Schlemko
Penalty Shots
Matt Cullen, Jeff Friesen, Jeff Halpern, Jeff Tambellini, David Perron

% Time on Ice - Blackdemons

Lines # - Real PCT - Wanted PCT - Time Play
Normal Forward
1 - 36% - 40% - 13:04
2 - 29% - 30% - 10:27
3 - 20% - 20% - 7:18
4 - 15% - 10% - 5:20
Normal Defense
1 - 38% - 36% - 13:41
2 - 38% - 36% - 13:38
3 - 24% - 28% - 8:50
4 - 0% - 0% - 0:00
PP Forward
1 - 56% - 60% - 7:39
2 - 44% - 40% - 5:58
PP Defense
1 - 59% - 60% - 8:00
2 - 41% - 40% - 5:37
PK Forward
1 - 72% - 60% - 3:05
2 - 28% - 40% - 1:12
PK Defense
1 - 60% - 60% - 2:35
2 - 40% - 40% - 1:42
PK3 Forward
1 - 0% - 60%
2 - 0% - 40%
PK3 Defense
1 - 0% - 60%
2 - 0% - 40%
44 Forward
1 - 73% - 60% - 4:19
2 - 27% - 40% - 1:38
44 Defense
1 - 81% - 60% - 4:48
2 - 19% - 40% - 1:09
Last Minute Offensive  - 0:00
Last Minute Defensive  - 0:00
Total
Forward - 60:00
Defense - 60:00

% Time on Ice - Carnivores

Lines # - Real PCT - Wanted PCT - Time Play
Normal Forward
1 - 38% - 40% - 13:39
2 - 25% - 30% - 9:12
3 - 21% - 20% - 7:28
4 - 16% - 10% - 5:50
Normal Defense
1 - 41% - 40% - 14:47
2 - 30% - 30% - 10:54
3 - 19% - 20% - 6:45
4 - 10% - 10% - 3:43
PP Forward
1 - 59% - 60% - 2:31
2 - 41% - 40% - 1:46
PP Defense
1 - 57% - 60% - 2:27
2 - 43% - 40% - 1:50
PK Forward
1 - 74% - 60% - 10:07
2 - 26% - 40% - 3:30
PK Defense
1 - 51% - 60% - 6:54
2 - 49% - 40% - 6:43
PK3 Forward
1 - 0% - 60%
2 - 0% - 40%
PK3 Defense
1 - 0% - 60%
2 - 0% - 40%
44 Forward
1 - 74% - 60% - 4:23
2 - 26% - 40% - 1:34
44 Defense
1 - 68% - 60% - 4:04
2 - 32% - 40% - 1:53
Last Minute Offensive  - 0:00
Last Minute Defensive  - 0:00
Total
Forward - 60:00
Defense - 60:00

Play by Play

1st period


0:01 of 1st period - Matt Cullen wins face-off versus Michael Frolik in neutral zone.
0:06 of 1st period - Wrist shot by Matt Cullen.
0:06 of 1st period - Stopped by Jason LaBarbera with a rebound.
1:01 of 1st period - Wrist shot by Trevor Letowski.
1:01 of 1st period - Shot Blocked by Phil Oreskovic.
2:02 of 1st period - Snap shot by David Perron.
2:02 of 1st period - Stopped by Jason LaBarbera with a rebound.
2:04 of 1st period - Snap shot by David Perron.
2:04 of 1st period - Stopped by Jason LaBarbera without a rebound.
2:05 of 1st period - Trent Whitfield wins face-off versus Zack Hamill in Blackdemons zone.
2:08 of 1st period - Snap shot by Jeff Friesen.
2:08 of 1st period - Shot Misses the Net.
2:30 of 1st period - Jeff Friesen is hit by Matt Moulson and loses puck.
3:25 of 1st period - Jordie Benn is hit by Nikita Nikitin and loses puck.
3:39 of 1st period - Off-side.
3:40 of 1st period - Zack Hamill wins face-off versus Manny Malhotra in neutral zone.
3:53 of 1st period - Michael Frolik is hit by Manny Malhotra and loses puck.
4:02 of 1st period - Evgeny Dadonov is hit by Niklas Sundstrom.
4:30 of 1st period - Slapshot by Janne Niinimaa.
4:30 of 1st period - Stopped by Jason LaBarbera with a rebound.
4:32 of 1st period - Wrist shot by Janne Niinimaa.
4:32 of 1st period - Shot Hit the Post.
4:57 of 1st period - Snap shot by Evgeny Dadonov.
4:57 of 1st period - Shot Misses the Net.
4:59 of 1st period - Slapshot by Janne Niinimaa.
4:59 of 1st period - Stopped by Jason LaBarbera with a rebound.
5:01 of 1st period - Slapshot by Tyson Nash.
5:01 of 1st period - Shot Misses the Net.
5:15 of 1st period - Wrist shot by Tyson Nash.
5:15 of 1st period - Stopped by Jason LaBarbera without a rebound.
5:16 of 1st period - Sam Gagner wins face-off versus Matt Cullen in Blackdemons zone.
5:31 of 1st period - Snap shot by James Neal.
5:31 of 1st period - Stopped by Steve Mason without a rebound.
5:32 of 1st period - Jeff Halpern wins face-off versus Steven Zalewski in Carnivores zone.
5:47 of 1st period - Snap shot by Jeff Halpern.
5:47 of 1st period - Stopped by Jason LaBarbera without a rebound.
5:48 of 1st period - Matt Cullen wins face-off versus Sam Gagner in Blackdemons zone.
5:49 of 1st period - Snap shot by David Perron.
5:49 of 1st period - Goal by David Perron - Blackdemons : 0 - Carnivores : 1.
5:50 of 1st period - Matt Cullen wins face-off versus Sam Gagner in neutral zone.
6:39 of 1st period - Snap shot by Michael Frolik.
6:39 of 1st period - Deflect By Niklas Sundstrom.
6:39 of 1st period - Shot Misses the Net.
6:39 of 1st period - Puck is out of play.
6:40 of 1st period - Matt Cullen wins face-off versus Zack Hamill in Carnivores zone.
6:45 of 1st period - Niklas Sundstrom is hit by David Perron and loses puck.
6:54 of 1st period - Wrist shot by Niklas Sundstrom.
6:54 of 1st period - Stopped by Steve Mason with a rebound.
6:56 of 1st period - Wrist shot by Niklas Sundstrom.
6:56 of 1st period - Shot Misses the Net.
6:58 of 1st period - Slapshot by Mathieu Biron.
6:58 of 1st period - Shot Blocked by Matt Cullen.
7:00 of 1st period - Wrist shot by Michael Frolik.
7:00 of 1st period - Stopped by Steve Mason with a rebound.
7:02 of 1st period - Snap shot by Michael Frolik.
7:02 of 1st period - Deflect By Niklas Sundstrom.
7:02 of 1st period - Shot Blocked by David Perron.
7:02 of 1st period - Puck is out of play.
7:03 of 1st period - Jeff Halpern wins face-off versus Sam Gagner in Carnivores zone.
7:16 of 1st period - Wrist shot by Jeff Tambellini.
7:16 of 1st period - Stopped by Jason LaBarbera without a rebound.
7:17 of 1st period - Steven Zalewski wins face-off versus Matt Cullen in Blackdemons zone.
7:28 of 1st period - Wrist shot by Matt Moulson.
7:28 of 1st period - Stopped by Steve Mason with a rebound.
7:44 of 1st period - Slapshot by Nathan Paetsch.
7:44 of 1st period - Deflect By Matt Cullen.
7:44 of 1st period - Stopped by Steve Mason with a rebound.
8:05 of 1st period - Jeff Halpern is hit by Karl Alzner and loses puck.
8:12 of 1st period - Wrist shot by James Neal.
8:12 of 1st period - Stopped by Steve Mason without a rebound.
8:13 of 1st period - Zack Hamill wins face-off versus Jeff Halpern in Carnivores zone.
8:28 of 1st period - Michael Frolik is hit by Andrew Ference and loses puck.
8:45 of 1st period - Slapshot by Jeff Friesen.
8:45 of 1st period - Stopped by Jason LaBarbera with a rebound.
8:47 of 1st period - Slapshot by Jeff Friesen.
8:47 of 1st period - Stopped by Jason LaBarbera without a rebound.
8:48 of 1st period - Matt Cullen wins face-off versus Sam Gagner in Blackdemons zone.
9:41 of 1st period - Snap shot by Jeff Tambellini.
9:41 of 1st period - Shot Misses the Net.
9:43 of 1st period - Slapshot by Andrew Ference.
9:43 of 1st period - Stopped by Jason LaBarbera with a rebound.
9:59 of 1st period - Todd Fedoruk is hit by Tyson Nash and loses puck.
10:46 of 1st period - Wrist shot by Matt Moulson.
10:46 of 1st period - Shot Blocked by Ryan Mcdonagh.
11:00 of 1st period - Snap shot by Jeff Tambellini.
11:00 of 1st period - Goal by Jeff Tambellini - Blackdemons : 0 - Carnivores : 2.
11:01 of 1st period - Zack Hamill wins face-off versus Matt Cullen in neutral zone.
11:46 of 1st period - Matt Moulson is hit by Trent Whitfield and loses puck.
12:09 of 1st period - Wrist shot by Matt Cullen.
12:09 of 1st period - Stopped by Jason LaBarbera without a rebound.
12:10 of 1st period - Matt Cullen wins face-off versus Zack Hamill in Blackdemons zone.
12:17 of 1st period - Snap shot by David Perron.
12:17 of 1st period - Stopped by Jason LaBarbera without a rebound.
12:18 of 1st period - Zack Hamill wins face-off versus Matt Cullen in Blackdemons zone.
12:33 of 1st period - Matt Cullen is hit by Mathieu Biron.
12:47 of 1st period - Snap shot by James Neal.
12:47 of 1st period - Shot Blocked by Jeff Halpern.
12:49 of 1st period - Slapshot by Nikita Nikitin.
12:49 of 1st period - Stopped by Steve Mason with a rebound.
12:51 of 1st period - Snap shot by Mathieu Biron.
12:51 of 1st period - Stopped by Steve Mason without a rebound.
12:52 of 1st period - Matt Cullen wins face-off versus Sam Gagner in Carnivores zone.
12:52 of 1st period - Matt Cullen is hit by Enver Lisin.
13:03 of 1st period - Minor Penalty to Enver Lisin for Hooking.
13:04 of 1st period - Matt Cullen wins face-off versus Maxime Macenauer in Blackdemons zone.
15:03 of 1st period - Penalty to Enver Lisin is over, Enver Lisin is back on ice.
15:26 of 1st period - Nathan Paetsch is hit by Andrew Ference and loses puck.
15:30 of 1st period - Icing by Nathan Paetsch.
15:31 of 1st period - Manny Malhotra wins face-off versus Zack Hamill in Blackdemons zone.
15:50 of 1st period - Slapshot by Jeff Halpern.
15:50 of 1st period - Shot Misses the Net.
15:54 of 1st period - Slapshot by Jeff Halpern.
15:54 of 1st period - Shot Misses the Net.
16:18 of 1st period - Wrist shot by Matt Moulson.
16:18 of 1st period - Deflect By Steven Zalewski.
16:18 of 1st period - Shot Misses the Net.
16:18 of 1st period - Puck is out of play.
16:19 of 1st period - Sam Gagner wins face-off versus Trent Whitfield in Carnivores zone.
16:20 of 1st period - Snap shot by James Neal.
16:20 of 1st period - Shot Blocked by Janne Niinimaa.
16:22 of 1st period - Snap shot by Enver Lisin.
16:22 of 1st period - Shot Misses the Net.
18:04 of 1st period - Snap shot by Matt Cullen.
18:04 of 1st period - Shot Misses the Net.
18:06 of 1st period - Slapshot by David Perron.
18:06 of 1st period - Stopped by Jason LaBarbera without a rebound.
18:07 of 1st period - Zack Hamill wins face-off versus Matt Cullen in Blackdemons zone.
18:16 of 1st period - Ryan Mcdonagh is hit by Zack Hamill and loses puck.
18:33 of 1st period - Enver Lisin is hit by Ryan Mcdonagh and loses puck.
18:51 of 1st period - Off-side.
18:52 of 1st period - Steven Zalewski wins face-off versus Trent Whitfield in neutral zone.
19:29 of 1st period - Off-side.
19:30 of 1st period - Sam Gagner wins face-off versus Jeff Halpern in neutral zone.
19:43 of 1st period - Wrist shot by Jeff Halpern.
19:43 of 1st period - Stopped by Jason LaBarbera without a rebound.
19:44 of 1st period - Zack Hamill wins face-off versus Matt Cullen in Blackdemons zone.
19:48 of 1st period - Minor Penalty to Andy Miele for Hooking.
19:48 of 1st period - Minor Penalty to Michael Frolik for Holding.
19:49 of 1st period - Matt Cullen wins face-off versus Zack Hamill in Blackdemons zone.

2nd period


0:01 of 2nd period - Matt Cullen wins face-off versus Zack Hamill in neutral zone.
0:31 of 2nd period - Tomas Kopecky is hit by Matt Cullen and loses puck.
1:45 of 2nd period - Snap shot by Matt Moulson.
1:45 of 2nd period - Shot Blocked by Douglas Murray.
1:48 of 2nd period - Penalty to Andy Miele is over, Andy Miele is back on ice.
1:48 of 2nd period - Penalty to Michael Frolik is over, Michael Frolik is back on ice.
2:06 of 2nd period - Wrist shot by Trent Whitfield.
2:06 of 2nd period - Stopped by Jason LaBarbera with a rebound.
2:18 of 2nd period - Wrist shot by Andy Miele.
2:18 of 2nd period - Stopped by Jason LaBarbera with a rebound.
3:22 of 2nd period - Snap shot by Andy Miele.
3:22 of 2nd period - Shot Blocked by Nathan Paetsch.
3:24 of 2nd period - Snap shot by Andy Miele.
3:24 of 2nd period - Stopped by Jason LaBarbera with a rebound.
3:26 of 2nd period - Slapshot by Andrew Ference.
3:26 of 2nd period - Deflect By Trent Whitfield.
3:26 of 2nd period - Stopped by Jason LaBarbera with a rebound.
3:28 of 2nd period - Snap shot by Andy Miele.
3:28 of 2nd period - Stopped by Jason LaBarbera with a rebound.
3:30 of 2nd period - Slapshot by Trent Whitfield.
3:30 of 2nd period - Stopped by Jason LaBarbera without a rebound.
3:31 of 2nd period - David Van Der Gulik wins face-off versus Sam Gagner in Blackdemons zone.
3:51 of 2nd period - Minor Penalty to Manny Malhotra for High sticking.
3:52 of 2nd period - Sam Gagner wins face-off versus Matt Cullen in Carnivores zone.
3:57 of 2nd period - Slapshot by Enver Lisin.
3:57 of 2nd period - Shot Blocked by Ryan Mcdonagh.
5:49 of 2nd period - Jakub Kindl is hit by Andrew Ference and loses puck.
5:51 of 2nd period - Penalty to Manny Malhotra is over, Manny Malhotra is back on ice.
6:00 of 2nd period - Slapshot by Jeff Halpern.
6:00 of 2nd period - Stopped by Jason LaBarbera with a rebound.
6:02 of 2nd period - Snap shot by Jeff Halpern.
6:02 of 2nd period - Stopped by Jason LaBarbera with a rebound.
6:26 of 2nd period - Wrist shot by Niklas Sundstrom.
6:26 of 2nd period - Stopped by Steve Mason with a rebound.
6:28 of 2nd period - Slapshot by Mathieu Biron.
6:28 of 2nd period - Deflect By Niklas Sundstrom.
6:28 of 2nd period - Stopped by Steve Mason without a rebound.
6:29 of 2nd period - Trent Whitfield wins face-off versus Steven Zalewski in Carnivores zone.
6:57 of 2nd period - Ryan Mcdonagh is hit by Todd Fedoruk and loses puck.
7:26 of 2nd period - Wrist shot by Jeff Friesen.
7:26 of 2nd period - Shot Blocked by Nathan Paetsch.
8:00 of 2nd period - Off-side.
8:01 of 2nd period - Jeff Halpern wins face-off versus Maxime Macenauer in neutral zone.
8:04 of 2nd period - Wrist shot by Jeff Halpern.
8:04 of 2nd period - Goal by Jeff Halpern - Blackdemons : 0 - Carnivores : 3.
8:05 of 2nd period - Jeff Halpern wins face-off versus Zack Hamill in neutral zone.
8:19 of 2nd period - Off-side.
8:20 of 2nd period - Matt Cullen wins face-off versus Sam Gagner in neutral zone.
8:23 of 2nd period - Slapshot by Janne Niinimaa.
8:23 of 2nd period - Shot Misses the Net.
8:25 of 2nd period - Backhand shot by David Perron.
8:25 of 2nd period - Shot Misses the Net.
8:27 of 2nd period - Slapshot by Ryan Mcdonagh.
8:27 of 2nd period - Shot Blocked by James Neal.
8:33 of 2nd period - Snap shot by Matt Cullen.
8:33 of 2nd period - Shot Misses the Net.
8:53 of 2nd period - Wrist shot by Michael Frolik.
8:53 of 2nd period - Shot Blocked by Janne Niinimaa.
8:55 of 2nd period - Snap shot by Michael Frolik.
8:55 of 2nd period - Shot Misses the Net.
8:57 of 2nd period - Slapshot by Mathieu Biron.
8:57 of 2nd period - Deflect By Michael Frolik.
8:57 of 2nd period - Goal by Michael Frolik - Blackdemons : 1 - Carnivores : 3.
8:58 of 2nd period - Zack Hamill wins face-off versus Matt Cullen in neutral zone.
9:20 of 2nd period - Icing by Ryan Mcdonagh.
9:21 of 2nd period - Matt Cullen wins face-off versus Sam Gagner in Carnivores zone.
9:21 of 2nd period - Matt Cullen is hit by Enver Lisin.
9:29 of 2nd period - Enver Lisin is hit by David Van Der Gulik and loses puck.
9:46 of 2nd period - Slapshot by Tomas Kopecky.
9:46 of 2nd period - Shot Hit the Post.
10:30 of 2nd period - Karl Alzner is hit by Trent Whitfield and loses puck.
10:38 of 2nd period - Minor Penalty to Karl Alzner for Hooking.
10:39 of 2nd period - Matt Cullen wins face-off versus Maxime Macenauer in Blackdemons zone.
11:35 of 2nd period - Snap shot by Nathan Paetsch.
11:35 of 2nd period - Stopped by Steve Mason with a rebound.
11:43 of 2nd period - Snap shot by James Neal.
11:43 of 2nd period - Shot Misses the Net.
12:38 of 2nd period - Penalty to Karl Alzner is over, Karl Alzner is back on ice.
12:57 of 2nd period - Minor Penalty to Manny Malhotra for Goalie Interference.
12:58 of 2nd period - Matt Cullen wins face-off versus Sam Gagner in Carnivores zone.
13:07 of 2nd period - Snap shot by Enver Lisin.
13:07 of 2nd period - Shot Misses the Net.
14:29 of 2nd period - Douglas Murray is hit by Sam Gagner.
14:48 of 2nd period - Icing by Nikita Nikitin.
14:49 of 2nd period - Matt Moulson wins face-off versus Jeff Halpern in Blackdemons zone.
14:57 of 2nd period - Penalty to Manny Malhotra is over, Manny Malhotra is back on ice.
15:15 of 2nd period - Wrist shot by Todd Fedoruk.
15:15 of 2nd period - Shot Misses the Net.
15:17 of 2nd period - Wrist shot by Nathan Paetsch.
15:17 of 2nd period - Deflect By Todd Fedoruk.
15:17 of 2nd period - Goal by Todd Fedoruk - Blackdemons : 2 - Carnivores : 3.
15:18 of 2nd period - Zack Hamill wins face-off versus Matt Cullen in neutral zone.
15:33 of 2nd period - Snap shot by Niklas Sundstrom.
15:33 of 2nd period - Shot Misses the Net.
15:48 of 2nd period - Snap shot by David Van Der Gulik.
15:48 of 2nd period - Stopped by Jason LaBarbera without a rebound.
15:49 of 2nd period - Jeff Halpern wins face-off versus James Neal in Blackdemons zone.
15:58 of 2nd period - Wrist shot by Jeff Halpern.
15:58 of 2nd period - Deflect By Sam Gagner.
15:58 of 2nd period - Shot Misses the Net.
15:58 of 2nd period - Puck is out of play.
15:59 of 2nd period - Matt Cullen wins face-off versus Sam Gagner in Blackdemons zone.
16:10 of 2nd period - Slapshot by James Neal.
16:10 of 2nd period - Shot Misses the Net.
16:12 of 2nd period - Slapshot by Sam Gagner.
16:12 of 2nd period - Stopped by Steve Mason with a rebound.
16:48 of 2nd period - Snap shot by Douglas Murray.
16:48 of 2nd period - Shot Misses the Net.
16:57 of 2nd period - Minor Penalty to Tim Conboy for Slashing.
16:57 of 2nd period - Minor Penalty to Mathieu Biron for Cross-checking.
16:58 of 2nd period - Zack Hamill wins face-off versus Matt Cullen in Carnivores zone.
16:59 of 2nd period - Snap shot by Michael Frolik.
16:59 of 2nd period - Goal by Michael Frolik - Blackdemons : 3 - Carnivores : 3.
17:00 of 2nd period - Zack Hamill wins face-off versus Matt Cullen in neutral zone.
17:12 of 2nd period - Slapshot by Janne Niinimaa.
17:12 of 2nd period - Deflect By Jeff Friesen.
17:12 of 2nd period - Shot Blocked by Michael Frolik.
17:12 of 2nd period - Puck is out of play.
17:13 of 2nd period - Zack Hamill wins face-off versus Matt Cullen in Blackdemons zone.
17:13 of 2nd period - Zack Hamill is hit by Janne Niinimaa.
17:23 of 2nd period - Slapshot by Ladislav Smid.
17:23 of 2nd period - Deflect By Michael Frolik.
17:23 of 2nd period - Shot Misses the Net.
17:23 of 2nd period - Puck is out of play.
17:24 of 2nd period - Matt Cullen wins face-off versus Zack Hamill in Carnivores zone.
17:29 of 2nd period - Michael Frolik is hit by Jeff Friesen and loses puck.
17:36 of 2nd period - Janne Niinimaa is hit by Ladislav Smid and loses puck.
18:01 of 2nd period - Slapshot by Janne Niinimaa.
18:01 of 2nd period - Stopped by Jason LaBarbera with a rebound.
18:03 of 2nd period - Slapshot by Janne Niinimaa.
18:03 of 2nd period - Shot Blocked by Niklas Sundstrom.
18:05 of 2nd period - Snap shot by Jeff Halpern.
18:05 of 2nd period - Shot Blocked by Nathan Paetsch.
18:07 of 2nd period - Snap shot by Jeff Halpern.
18:07 of 2nd period - Deflect By Nathan Paetsch.
18:07 of 2nd period - Goal by Jeff Halpern - Blackdemons : 3 - Carnivores : 4.
18:08 of 2nd period - Zack Hamill wins face-off versus Matt Cullen in neutral zone.
18:24 of 2nd period - Wrist shot by Michael Frolik.
18:24 of 2nd period - Shot Misses the Net.
18:44 of 2nd period - Sam Gagner is hit by Andrew Ference and loses puck.
18:57 of 2nd period - Penalty to Tim Conboy is over, Tim Conboy is back on ice.
18:57 of 2nd period - Penalty to Mathieu Biron is over, Mathieu Biron is back on ice.
19:50 of 2nd period - Snap shot by Todd Fedoruk.
19:50 of 2nd period - Shot Misses the Net.

3rd period


0:01 of 3rd period - Matt Cullen wins face-off versus Zack Hamill in neutral zone.
0:04 of 3rd period - Niklas Sundstrom is hit by Janne Niinimaa and loses puck.
1:28 of 3rd period - Snap shot by Matt Cullen.
1:28 of 3rd period - Shot Misses the Net.
1:30 of 3rd period - Snap shot by David Perron.
1:30 of 3rd period - Shot Hit the Post.
1:32 of 3rd period - Snap shot by Matt Cullen.
1:32 of 3rd period - Goal by Matt Cullen - Blackdemons : 3 - Carnivores : 5.
1:33 of 3rd period - Matt Cullen wins face-off versus Zack Hamill in neutral zone.
2:09 of 3rd period - Wrist shot by Enver Lisin.
2:09 of 3rd period - Stopped by Steve Mason without a rebound.
2:10 of 3rd period - Zack Hamill wins face-off versus Matt Cullen in Carnivores zone.
2:10 of 3rd period - Zack Hamill is hit by Douglas Murray.
2:23 of 3rd period - Major / Game Misconduct Penalty to Douglas Murray for Unsportsmanlike conduct.
2:23 of 3rd period - Douglas Murray is ejected from game.
2:24 of 3rd period - Sam Gagner wins face-off versus Matt Cullen in Carnivores zone.
2:25 of 3rd period - Snap shot by Enver Lisin.
2:25 of 3rd period - Deflect By Matt Cullen.
2:25 of 3rd period - Stopped by Steve Mason without a rebound.
2:26 of 3rd period - Matt Cullen wins face-off versus Enver Lisin in Carnivores zone.
2:59 of 3rd period - Matt Cullen is hit by Zack Hamill and loses puck.
5:11 of 3rd period - Andrew Ference is hit by Matt Moulson.
5:55 of 3rd period - Karl Alzner is hit by Ryan Mcdonagh and loses puck.
6:38 of 3rd period - Ryan Mcdonagh is hit by Enver Lisin and loses puck.
6:57 of 3rd period - Nathan Paetsch is hit by Chris Butler and loses puck.
7:21 of 3rd period - Off-side.
7:22 of 3rd period - Matt Moulson wins face-off versus Cal O'Reilly in neutral zone.
7:23 of 3rd period - Penalty to Douglas Murray is over, Trent Whitfield is send on ice.
7:41 of 3rd period - Snap shot by Evgeny Dadonov.
7:41 of 3rd period - Shot Blocked by Jakub Kindl.
7:43 of 3rd period - Snap shot by Manny Malhotra.
7:43 of 3rd period - Shot Blocked by Jakub Kindl.
7:45 of 3rd period - Slapshot by Janne Niinimaa.
7:45 of 3rd period - Shot Misses the Net.
7:55 of 3rd period - Slapshot by Ladislav Smid.
7:55 of 3rd period - Deflect By Jeff Halpern.
7:55 of 3rd period - Stopped by Steve Mason with a rebound.
7:57 of 3rd period - Slapshot by Steven Zalewski.
7:57 of 3rd period - Stopped by Steve Mason with a rebound.
8:53 of 3rd period - Snap shot by Matt Moulson.
8:53 of 3rd period - Stopped by Steve Mason with a rebound.
8:55 of 3rd period - Snap shot by Steven Zalewski.
8:55 of 3rd period - Shot Misses the Net.
8:58 of 3rd period - Icing by Trent Whitfield.
8:59 of 3rd period - Trent Whitfield wins face-off versus Zack Hamill in Carnivores zone.
9:47 of 3rd period - David Van Der Gulik is hit by Nathan Paetsch and loses puck.
9:54 of 3rd period - Snap shot by Tomas Kopecky.
9:54 of 3rd period - Stopped by Steve Mason with a rebound.
10:10 of 3rd period - Snap shot by Janne Niinimaa.
10:10 of 3rd period - Stopped by Jason LaBarbera without a rebound.
10:10 of 3rd period - Minor Penalty to Trevor Letowski for Hooking.
10:11 of 3rd period - Matt Cullen wins face-off versus Maxime Macenauer in Blackdemons zone.
10:12 of 3rd period - Wrist shot by Jeff Friesen.
10:12 of 3rd period - Shot Misses the Net.
10:14 of 3rd period - Snap shot by Janne Niinimaa.
10:14 of 3rd period - Stopped by Jason LaBarbera without a rebound.
10:15 of 3rd period - Maxime Macenauer wins face-off versus Matt Cullen in Blackdemons zone.
10:15 of 3rd period - Maxime Macenauer is hit by Jeff Friesen.
10:29 of 3rd period - Slapshot by Janne Niinimaa.
10:29 of 3rd period - Deflect By Jeff Friesen.
10:29 of 3rd period - Goal by Jeff Friesen - Blackdemons : 3 - Carnivores : 6.
10:30 of 3rd period - Matt Cullen wins face-off versus Zack Hamill in neutral zone.
10:44 of 3rd period - Minor Penalty to Matt Cullen for Holding.
10:45 of 3rd period - Sam Gagner wins face-off versus Trent Whitfield in Carnivores zone.
12:35 of 3rd period - Trent Whitfield is hit by Sam Gagner and loses puck.
12:43 of 3rd period - Minor Penalty to Jeff Tambellini for Interference.
12:44 of 3rd period - Penalty to Matt Cullen is over, Matt Cullen is back on ice.
12:44 of 3rd period - Matt Cullen wins face-off versus Zack Hamill in Carnivores zone.
12:44 of 3rd period - Matt Cullen is hit by Zack Hamill.
12:52 of 3rd period - Wrist shot by Niklas Sundstrom.
12:52 of 3rd period - Shot Misses the Net.
13:02 of 3rd period - Jeff Friesen is hit by Sam Gagner and loses puck.
13:49 of 3rd period - Phil Oreskovic is hit by Enver Lisin and loses puck.
14:24 of 3rd period - Ryan Mcdonagh is hit by Matt Moulson and loses puck.
14:43 of 3rd period - Penalty to Jeff Tambellini is over, Jeff Tambellini is back on ice.
15:10 of 3rd period - Todd Fedoruk is hit by Jeff Tambellini and loses puck.
15:39 of 3rd period - Wrist shot by Tomas Kopecky.
15:39 of 3rd period - Stopped by Steve Mason without a rebound.
15:40 of 3rd period - Manny Malhotra wins face-off versus Steven Zalewski in Carnivores zone.
15:42 of 3rd period - Minor Penalty to Chris Butler for Diving.
15:42 of 3rd period - Minor Penalty to Steven Zalewski for Slashing.
15:43 of 3rd period - Zack Hamill wins face-off versus Matt Cullen in Carnivores zone.
15:46 of 3rd period - Snap shot by Michael Frolik.
15:46 of 3rd period - Stopped by Steve Mason without a rebound.
15:47 of 3rd period - Zack Hamill wins face-off versus Matt Cullen in Carnivores zone.
16:34 of 3rd period - Wrist shot by Niklas Sundstrom.
16:34 of 3rd period - Shot Misses the Net.
17:08 of 3rd period - Off-side.
17:09 of 3rd period - Michael Frolik wins face-off versus Matt Cullen in neutral zone.
17:39 of 3rd period - Snap shot by Jeff Tambellini.
17:39 of 3rd period - Deflect By Niklas Sundstrom.
17:39 of 3rd period - Stopped by Jason LaBarbera without a rebound.
17:40 of 3rd period - Matt Cullen wins face-off versus Zack Hamill in Blackdemons zone.
17:41 of 3rd period - Snap shot by Jeff Friesen.
17:41 of 3rd period - Stopped by Jason LaBarbera without a rebound.
17:42 of 3rd period - Penalty to Chris Butler is over, Chris Butler is back on ice.
17:42 of 3rd period - Penalty to Steven Zalewski is over, Steven Zalewski is back on ice.
17:42 of 3rd period - Matt Cullen wins face-off versus Zack Hamill in Blackdemons zone.
18:07 of 3rd period - Karl Alzner is hit by Jeff Tambellini and loses puck.
18:32 of 3rd period - Ladislav Smid is hit by Trent Whitfield and loses puck.
18:53 of 3rd period - Snap shot by Matt Moulson.
18:53 of 3rd period - Shot Misses the Net.
18:55 of 3rd period - Wrist shot by Tomas Kopecky.
18:55 of 3rd period - Shot Misses the Net.
18:57 of 3rd period - Snap shot by Tomas Kopecky.
18:57 of 3rd period - Stopped by Steve Mason without a rebound.
18:58 of 3rd period - Matt Cullen wins face-off versus Zack Hamill in Carnivores zone.
19:08 of 3rd period - Snap shot by Matt Cullen.
19:08 of 3rd period - Deflect By Niklas Sundstrom.
19:08 of 3rd period - Shot Misses the Net.
19:08 of 3rd period - Puck is out of play.
19:09 of 3rd period - Matt Cullen wins face-off versus Zack Hamill in Blackdemons zone.
19:09 of 3rd period - Matt Cullen is hit by Zack Hamill.
19:11 of 3rd period - Snap shot by David Perron.
19:11 of 3rd period - Stopped by Jason LaBarbera with a rebound.
19:17 of 3rd period - Minor Penalty to Ryan Mcdonagh for High sticking.
19:18 of 3rd period - Matt Cullen wins face-off versus Sam Gagner in Carnivores zone.


Output by the SimonT Hockey Simulator (STHS) for François Prévost -- Original Page W3C XHTML 1.0 Valid
Hockey Simulator - Hockey Simulation - Hockey Manager